 Dungeon Crawl Stone Soup version 0.21-a0-504-g2eda330 (webtiles) character file.

32 slep the Ducker (level 3, -1/28 HPs)
             Began as a Demonspawn Gladiator on Nov 25, 2017.
             Slain by a leopard gecko (4 damage)
             ... on level 2 of the Dungeon.
             The game lasted 00:02:43 (527 turns).

slep the Ducker (Demonspawn Gladiator)               Turns: 527, Time: 00:02:44

Health: -1/28      AC:  4    Str: 15    XL:     3   Next: 10%
Magic:  3/3        EV: 13    Int:  9    God:
Gold:   93         SH:  0    Dex: 14    Spells: 2/2 levels left

rFire    . . .     SeeInvis .   a - +0 trident
rCold    . . .     Gourm    .   (no shield)
rNeg     . . .     Faith    .   b - +0 leather armour
rPois    .         Spirit   .   c - +0 helmet
rElec    .         Reflect  .   (no cloak)
rCorr    .         Harm     .   (no gloves)
MR       .....                  (no boots)
Stlth    +.........             (no amulet)
HPRegen  0.09/turn              (no ring)
MPRegen  0.08/turn              (no ring)

@: no status effects
A: claws 1, powered by death 1
a: no special abilities


You were on level 2 of the Dungeon.
You were not hungry.

You visited 1 branch of the dungeon, and saw 2 of its levels.

You collected 93 gold pieces.

Inventory:

Hand Weapons
 a - a +0 trident (weapon)
Missiles
 d - 3 throwing nets (quivered)
Armour
 b - a +0 leather armour (worn)
 c - a +0 helmet (worn)
Scrolls
 e - a scroll of enchant weapon {unknown}
 g - a scroll of amnesia {unknown}
 h - a scroll of enchant armour {unknown}
 n - a scroll of identify {unknown}
Potions
 i - 2 potions of degeneration {unknown}
 k - 2 potions of lignification {unknown}
 m - a potion of flight {unknown}
Comestibles
 f - a bread ration
 j - a royal jelly
 l - 4 fruits


   Skills:
 + Level 2.3 Fighting
 + Level 3.1 Polearms
 + Level 1.7 Throwing
 + Level 0.4 Armour
 + Level 3.2 Dodging


You had 2 spell levels left.
You didn't know any spells.

Dungeon Overview and Level Annotations

Branches:
Dungeon (2/15)

Altars:


Innate Abilities, Weirdness & Mutations

You have sharp fingernails.
You regenerate a little health from kills.


Message History

You see here a glowing dagger.
Found 28 sling bullets.
Found 14 bolts.
A leopard gecko and a rat come into view.
The leopard gecko hisses angrily.
You closely miss the rat. The rat bites you. The rat barely misses you.
You barely miss the rat. The rat bites you.
* * * LOW HITPOINT WARNING * * *
You barely miss the rat. The rat bites you.
* * * LOW HITPOINT WARNING * * *
You puncture the rat!
You kill the rat!
The leopard gecko barely misses you.
You closely miss the leopard gecko.
The leopard gecko hisses menacingly.
The leopard gecko bites you.
* * * LOW HITPOINT WARNING * * *
You barely miss the leopard gecko. The leopard gecko barely misses you.
The leopard gecko bites you.
You die...

#####.### #.l......
#@# . #. ###.##....
#..######.....(....
###..........##.####
..........#### #
########..##
#...####. #.#..#..
##.##...#


You could see a leopard gecko.

Vanquished Creatures
  An adder (D:2)
  A dart slug (D:1)
  4 bats (D:1)
  2 giant cockroaches (D:1)
  4 goblins
  2 hobgoblins (D:1)
  3 kobolds
  4 rats
21 creatures vanquished.

Notes
Turn   | Place    | Note
-------+----------+-------------------------------------------
     0 | D:1      | slep the Demonspawn Gladiator began the quest for the Orb.
     0 | D:1      | Reached XP level 1. HP: 16/16 MP: 1/1
   103 | D:1      | Gained mutation: You have sharp fingernails. [demonic ancestry]
   103 | D:1      | Reached XP level 2. HP: 16/22 MP: 2/2
   462 | D:2      | Gained mutation: You regenerate a little health from kills. [demonic ancestry]
   462 | D:2      | Reached XP level 3. HP: 12/27 MP: 3/3
   527 | D:2      | Slain by a leopard gecko

Vault maps used:
D:1:      lightli_arrival_quake
D:2:      uniq_natasha

Skill      XL: |  1  2 |
---------------+-------+-----
Dodging        | 3 |  3.2
Polearms       | 3 |  3.1
Fighting       | |  2.3
Throwing       | |  1.7
Armour         | |  0.4

Action                   || total
-------------------------++-------
Melee: Trident           ||    72
 Stab: Sleeping          ||     1
Armor: Leather armour    ||    22
Dodge: Dodged            ||    50

Table legend:
 A = Spawn XP
 B = Non-spawn XP
 C = Spawn XP percentage of total XP
 D = Spawn monster count
 E = Non-spawn monster count
 F = Spawn count percentage of total count
 G = Total turns spent on level
                    A         B        C        D         E        F      G
               +---------+---------+-------+---------+---------+-------+---------
         Total |       0 |      47 |   0.0 |       0 |      21 |   0.0 |   527
               +---------+---------+-------+---------+---------+-------+---------
           D:1 |       0 |      30 |   0.0 |       0 |      17 |   0.0 |   452
           D:2 |       0 |      17 |   0.0 |       0 |       4 |   0.0 |    75
               +---------+---------+-------+---------+---------+-------+---------
